 Dungeon Crawl Stone Soup version 0.31.0-11-ge490571c62 (webtiles) character file.

Game seed: 8956260516202150839

32 hawla the Chopper (level 3, -5/46 HPs)
             Began as a Hill Orc Monk on Jan 28, 2024.
             Slain by a cerulean imp
             ... wielding a +2 spear
             ... summoned by Natasha
              (6 damage)
             ... on level 2 of the Dungeon.
             The game lasted 00:02:37 (880 turns).

hawla the Chopper (Hill Orc Monk)                    Turns: 880, Time: 00:02:38

Health: -5/46      AC: 21    Str: 15    XL:     3   Next: 25%
Magic:  3/3        EV:  2    Int: 10    God:
Gold:   78         SH:  0    Dex: 13    Spells: 2/2 levels left

rFire   . . .        a - +1 hand axe
rCold   . . .        d - orb {light}
rNeg    . . .        b - melded +0 robe
rPois   +            (helmet currently unavailable)
rElec   .            (cloak currently unavailable)
rCorr   .            (gloves currently unavailable)
SInv    .            (boots currently unavailable)
Will    .....        (no amulet)
Stlth   +            (no ring)
HPRegen 0.27/turn    (no ring)
MPRegen 0.08/turn

%: no passive effects
@: tree-form, slowed, glowing, very slow
A: stationary, stasis, torment immunity, boosted hp
a: no special abilities


You were on level 2 of the Dungeon.
You were a tree.
You visited 1 branch of the dungeon, and saw 2 of its levels.

You collected 78 gold pieces.

Inventory:

Hand Weapons
 a - a +1 hand axe (weapon)
Armour
 b - a +0 robe (melded)
 d - an orb of light (worn)
Scrolls
 f - a scroll of teleportation
 k - a scroll of amnesia
 l - a scroll of butterflies {unknown}
 m - a scroll of fear {unknown}
Potions
 g - a potion of curing
 h - a potion of attraction


   Skills:
 - Level 3.6 Fighting
 + Level 5.7 Axes
 - Level 2.4 Dodging


You had 2 spell levels left.
You didn't know any spells.
Your spell library contained the following spells:

 Spells                   Type           Power      Damage    Failure   Level
 Scorch                   Fire           0%         2d5       50%         2
 Stone Arrow              Conj/Erth      0%         3d7       75%         3
 Animate Armour           Summ/Erth      0%         N/A       98%         4
 Flame Wave               Conj/Fire      0%         2d4       98%         4
 Summon Cactus Giant      Summ           0%         N/A       100%        6
 Lehudib's Crystal Spear  Conj/Erth      0%         10d2      100%        8


Dungeon Overview and Level Annotations

Branches:
Dungeon (2/15)

Altars:

Shops:
D:2 :

Annotations:
D:2 Natasha


Message History

Natasha wildly gestures.
Natasha shimmers violently.
Natasha casts a spell at you.
You feel as though you will be slow longer.
The adder bites you but does no damage. Natasha barely misses you.
The adder bites you.
* * * LOW HITPOINT WARNING * * *
You barely miss Natasha.
Natasha is moderately wounded.
You completely miss the adder. The adder bites you but does no damage.
Natasha claws you but does no damage. The adder bites you.
* * * LOW HITPOINT WARNING * * *
You are poisoned.
The adder poisons you!
You hit the adder but do no damage.
The adder is moderately wounded.
You barely miss Natasha.
You feel sick.
Natasha casts a spell.
The adder bites you but does no damage. Natasha casts a spell at you.
The magic dart hits you but does no damage.
The adder bites you but does no damage.
You hit the adder.
The adder is heavily wounded.
You hit the cerulean imp but do no damage.
You hit Natasha but do no damage.
You feel sick. The adder barely misses you. Natasha casts a spell at you.
The magic dart hits you.
* * * LOW HITPOINT WARNING * * *
The cerulean imp hits you but does no damage.
The adder bites you but does no damage.
You barely miss the adder.
The adder is heavily wounded.
You hit Natasha. You hit the cerulean imp.
You feel sick.
You are no longer poisoned.
Natasha claws you.
* * * LOW HITPOINT WARNING * * *
The adder bites you but does no damage.
The cerulean imp hits you with a +2 spear.
You die...

*,****** *,*******
*,#.,..#*******,**,,,..
****#*,#.*#.#*..,,,,,**,**#.
*,,,..,#.##.##=#*******,,,#.
******,**#..#.<#.##.# *,,,,,,,#.
,,,,**,*,......#.##.# *,**#####.
,,,,**,*,........##.###*,* #.....
,,,,**,*,..$.$..h##...##.###.#...
,,,,,,,,,......S♣.....+..........
,,,,,,,,,#.......5†...##.###.#...
,,,,,**,,#.##...###...##.# #.#...
,,,*,,,,,,......,,+....#.# #.#...
,,,*,****,######**#....#.###.####
,,,*** *,* ####.#.##....# ,,**
*,* #.#.##...[## *** #,*
#.#.##....'.
***#.**##########.#.##....##


You could see Natasha, a cerulean imp (summoned) and an adder.

Vanquished Creatures
  A dart slug (D:1)
  5 ball pythons
  2 bats (D:1)
  5 endoplasms
  2 hobgoblins (D:1)
  4 kobolds (D:1)
  4 quokkas
  3 frilled lizards (D:1)
  A goblin (D:1)
27 creatures vanquished.

Notes
Turn   | Place    | Note
-------+----------+-------------------------------------------
     0 | D:1      | hawla the Hill Orc Monk began the quest for the Orb.
     0 | D:1      | Reached XP level 1. HP: 19/19 MP: 1/1
    45 | D:1      | Reached XP level 2. HP: 17/26 MP: 2/2
   126 | D:1      | Reached skill level 5 in Axes
   204 | D:1      | Found a faded altar of an unknown god.
   582 | D:1      | Reached XP level 3. HP: 31/31 MP: 3/3
   822 | D:2      | Found Vugh's Book Boutique.
   865 | D:2      | Noticed Natasha
   880 | D:2      | HP: 2/46 [poisoned by an adder]
   880 | D:2      | Slain by a cerulean imp

Illustrated notes

Levels and vault maps discovered:
D:1:      erik_arrival_orb_chamber, layout_rooms,
          shapermc_ecumenical_altar_mp_urbaneastern, grunt_decor_clamped,
          hangedman_abyss_or_decor_lesser_grid, interstate_on_off
D:2:      layout_basic, serial_shops, shop, nicolae_diamond_shop, uniq_terence,
          uniq_natasha

Skill      XL: |  1  2 |
---------------+-------+-----
Axes           | 5 |  5.7
Fighting       | |  3.6
Dodging        | |  2.4

Action                     || total
---------------------------++-------
  Melee: Hand axe          ||    81
    Use: Scroll            ||     5
         Potion            ||     3
 Armour: Robe              ||    43
         Skin              ||    14
  Dodge: Dodged            ||    49
